 Dungeon Crawl Stone Soup version 0.20-a0-317-gc038824 (webtiles) character file.

228 Da5id the Cudgeler (level 6, -2/37 HPs)
             Began as a Gargoyle Fighter on Dec 20, 2016.
             Slain by Da5id's ghost (6 damage)
             ... on level 4 of the Dungeon.
             The game lasted 00:03:13 (2642 turns).

Da5id the Cudgeler (Gargoyle Fighter)               Turns: 2642, Time: 00:03:14

Health: -2/37      AC: 11    Str: 26    XL:     6   Next: 2%
Magic:  6/6        EV:  7    Int:  9    God:
Gold:   103        SH: 10    Dex:  9    Spells: 5/5 levels left

rFire  . . .     SeeInvis .     a - +0 flail
rCold  . . .     Gourm    .     b - +0 scale mail
rNeg   + . .     Faith    .     c - +1 shield
rPois  ∞         Spirit   .     (no helmet)
rElec  +         Reflect  .     (no cloak)
rCorr  .         Harm     .     (no gloves)
MR     .....     Rnd*Tele +     (no boots)
Stlth  ..........               (no amulet)
                                (no ring)
                                p - ring of teleportation (curse)

@: mighty
A: negative energy resistance 1, electricity resistance, unbreathing,
petrification resistance, rot immunity, AC +4
a: no special abilities


You were on level 4 of the Dungeon.
You were not hungry.

You visited 1 branch of the dungeon, and saw 4 of its levels.

You collected 103 gold pieces.

Inventory:

Hand Weapons
 a - a +0 flail (weapon)
Armour
 b - a +0 scale mail (worn)
 c - a +1 shield (worn)
Jewellery
 p - a cursed ring of teleportation (left hand)
Wands
 k - a wand of teleportation (6/9)
Scrolls
 e - 2 scrolls of random uselessness
 j - a scroll of enchant armour
Potions
 h - a potion of berserk rage {unknown}
Comestibles
 f - 3 bread rations
 g - 3 chunks of flesh
 q - a meat ration


   Skills:
 - Level 3.2 Fighting
 + Level 6.0 Maces & Flails
 - Level 3.2 Armour
 - Level 3.2 Shields


You had 5 spell levels left.
You didn't know any spells.

Dungeon Overview and Level Annotations

Branches:
Dungeon (4/15)
 Temple: D:4-7

Altars:
Kikubaaqudgha
Okawaru

Annotations:
D:4 Da5id's ghost, amateur GrFi


Innate Abilities, Weirdness & Mutations

You are resistant to torment.
Your stone body is resilient. (AC +4)
You are immune to poison.
You resist negative energy. (rN+)
You are resistant to electric shocks. (rElec)
You can survive without breathing.
You are immune to petrification.
You are immune to rotting.


Message History

* * * LOW HITPOINT WARNING * * *
You hit Da5id's ghost.
Da5id's ghost is moderately damaged.
Da5id's ghost hits you but does no damage.
You closely miss Da5id's ghost.
Da5id's ghost is moderately damaged.
Da5id's ghost hits you but does no damage.
You bludgeon Da5id's ghost!!
Da5id's ghost is almost destroyed.
You block Da5id's ghost's attack.
You hit Da5id's ghost but do no damage.
Da5id's ghost is almost destroyed.
Da5id's ghost barely misses you. You block Da5id's ghost's attack.
You hit Da5id's ghost.
Da5id's ghost is almost destroyed.
Da5id's ghost barely misses you.
Your shield and scale mail prevent you from hitting Da5id's ghost.
Da5id's ghost is almost destroyed.
Da5id's ghost hits you.
You die...

#################.#
#.# # #.# . #. #.#
#.#.#####(#
+......>#'####
#........>#
#.........#
#...@.....#
#..W......#
#.........#
#.........#
#.........#
'.........#
##.........#
.....$.####


You could see Da5id's ghost.

Vanquished Creatures
  A hound (D:4)
  Jessica (D:3)
  Natasha (thrice) (D:2)
  2 adders
  2 worms
  4 dart slugs
  3 leopard geckos
  An orc (D:3)
  2 ball pythons
  3 giant cockroaches
  8 goblins
  7 hobgoblins
  6 jackals
  3 kobolds
  A quokka (D:2)
  4 bats
  5 frilled lizards
  9 rats
65 creatures vanquished.

Notes
Turn   | Place    | Note
-------+----------+-------------------------------------------
     0 | D:1      | Da5id the Gargoyle Fighter began the quest for the Orb.
     0 | D:1      | Reached XP level 1. HP: 14/14 MP: 1/1
    78 | D:1      | Reached XP level 2. HP: 19/19 MP: 2/2
   228 | D:1      | Reached skill level 3 in Maces & Flails
   750 | D:1      | Reached XP level 3. HP: 22/23 MP: 3/3
  1087 | D:2      | Reached skill level 4 in Maces & Flails
  1098 | D:2      | Reached XP level 4. HP: 24/28 MP: 4/4
  1622 | D:2      | Noticed Natasha
  1642 | D:2      | Killed Natasha
  1922 | D:2      | Noticed Natasha
  1927 | D:2      | Killed Natasha
  1927 | D:2      | Reached skill level 5 in Maces & Flails
  1927 | D:2      | Reached XP level 5. HP: 24/32 MP: 5/5
  1979 | D:2      | Noticed Natasha
  1986 | D:2      | Killed Natasha
  2253 | D:3      | Found an iron altar of Okawaru.
  2325 | D:3      | Found an ancient bone altar of Kikubaaqudgha.
  2395 | D:3      | Noticed Jessica
  2400 | D:3      | Killed Jessica
  2617 | D:4      | Reached skill level 6 in Maces & Flails
  2617 | D:4      | Reached XP level 6. HP: 33/37 MP: 6/6
  2624 | D:4      | Noticed Da5id's ghost (amateur GrFi)
  2642 | D:4      | Slain by Da5id's ghost

Vault maps used:
D:1:      evilmike_arrival_run_for_it, minmay_misc_feat_x
D:2:      minmay_unequal, uniq_natasha
D:3:      okawaru_ov_weapons_minmay, lemuel_doored_altar, first_bread,
          uniq_jessica
D:4:      nicolae_overflow_hidden_temple, minmay_checkerbox, uniq_edmund,
          uniq_blork_the_orc

Skill      XL: |  1  2  3  4  5 |
---------------+----------------+-----
Maces & Flails | 3 4 5 6 |  6.0
Fighting       | |  3.2
Armour         | |  3.2
Shields        | |  3.2

Action                   |  1- 3 |  4- 6 || total
-------------------------+-------+-------++-------
Melee: Flail             |   108 |   115 ||   223
  Use: Scroll            |       |     9 ||     9
       Potion            |       |     1 ||     1
  Eat: Chunk             |     1 |     5 ||     6
Armor: Scale mail        |    50 |    52 ||   102
Dodge: Dodged            |    27 |    28 ||    55
Block: Shield            |    50 |    46 ||    96
